 Dungeon Crawl Stone Soup version 0.30-a0-1160-g6e42c06551 (webtiles) character file.

Game seed: 6261481079150817195

703 xian the Caller (level 7, -3/73 HPs)
             Began as a Demonspawn Summoner on Apr 27, 2023.
             Was a Believer of Sif Muna.
             Slain by Duvessa
             ... wielding a +2 short sword of venom
              (4 damage)
             ... on level 5 of the Dungeon.
             The game lasted 00:15:43 (3524 turns).

xian the Caller (Demonspawn Summoner)               Turns: 3524, Time: 00:15:44

Health: -3/73      AC:  4    Str:  7 (9)  XL:     7   Next: 39%
Magic:  11/11      EV: 13    Int: 16 (18) God:    Sif Muna [**....]
Gold:   265        SH:  0    Dex: 11 (13) Spells: 3/12 levels left

rFire   + . .        a - +1 short sword (vamp)
rCold   + . .        (no shield)
rNeg    . . .        o - +0 leather armour
rPois   +            (helmet restricted)
rElec   +            (no cloak)
rCorr   +            h - +0 pair of gloves
SInv    .            (no boots)
Will    .....        (no amulet) Stlth
                     r - ring of poison resistance
HPRegen 0.32/turn    (no ring)
MPRegen 0.12/turn

%: no passive effects
@: berserking, lethally poisoned (-3 -> -9), resistant, contaminated, glowing,
very quick
A: horns 1, repulsion field 1, condensation shield
a: Renounce Religion, Channel Magic


You were on level 5 of the Dungeon.
You worshipped Sif Muna.
Sif Muna was pleased with you.
You visited 1 branch of the dungeon, and saw 5 of its levels.

You collected 265 gold pieces.

Inventory:

Hand Weapons
 a - a +1 vampiric short sword (weapon)
 k - the +1 sling of Dapuige {speed, Contam rF+ rN+ MP+9}
   (You found it on level 2 of the Dungeon)

   rF:        It protects you from fire.
   rN:        It protects you from negative energy.
   MP:        It affects your magic capacity (+9).
   Contam:    It causes magical contamination when unequipped.
Missiles
 j - 5 poisoned darts
 m - a throwing net
 s - 5 boomerangs
Armour
 h - a +0 pair of gloves (worn)
 o - a +0 leather armour (worn)
Jewellery
 r - a ring of poison resistance (left hand)
Scrolls
 c - 4 scrolls of teleportation
 d - a scroll of silence
 n - 2 scrolls of vulnerability {unknown}
 t - a scroll of fog {unknown}
 u - a scroll of amnesia
 v - a scroll of fear
Potions
 b - a potion of magic
 e - a potion of flight {unknown}
 f - 2 potions of mutation
 g - a potion of heal wounds
 p - 2 potions of degeneration
 w - a potion of brilliance {unknown}


   Skills:
 + Level 1.9 Fighting
 + Level 0.5 Short Blades
 + Level 4.8 Ranged Weapons
 * Level 0.8 Armour
 + Level 2.3 Dodging
 + Level 2.2 Stealth
 + Level 0.1 Shields
 + Level 3.0 Spellcasting
 + Level 1.1 Hexes
 + Level 5.4 Summonings


You had 3 spell levels left.
You knew the following spells:

 Your Spells              Type           Power      Damage    Failure   Level
a - Summon Small Mammal   Summ           76%        N/A       3%          1
b - Call Imp              Summ           38%        N/A       4%          2
c - Call Canine Familiar  Summ           19%        N/A       9%          3
d - Summon Guardian Gole  Hex/Summ       12%        N/A       22%         3

Your spell library contained the following spells:

 Spells                   Type           Power      Damage    Failure   Level
 Cigotuvi's Dreadful Rot  Necr/Pois/Air  4%         N/A       38%         2
 Sublimation of Blood     Necr           2%         N/A       38%         2
 Ignite Poison            Fire/Tmut/Pois 2%         N/A       63%         3
 Summon Lightning Spire   Summ/Air       11%        N/A       65%         4
 Petrify                  Tmut/Erth      2%         N/A       95%         4
 Freezing Cloud           Conj/Ice/Air   1%         6-21      100%        5
 Irradiate                Conj/Tmut      1%         3d12      100%        5


Dungeon Overview and Level Annotations

Branches:
Dungeon (5/15)
 Temple: D:4-7

Altars:
Sif Muna

Annotations:
D:5 Dowan, Duvessa


Innate Abilities, Weirdness & Mutations

You have a pair of small horns on your head.
You are surrounded by a mild repulsion field. (EV +2)
A meltable shield of frost defends you. (SH +0)


Message History

You are no longer glowing.
You feel sick.
There is a stone staircase leading down here.
You feel sick. Dowan barely misses you. Duvessa closely misses you.
Your cerulean imp hits Duvessa but does no damage.
You climb downwards.
Found 7 gold pieces.
There is a stone staircase leading up here.
It was a potion of resistance.
You feel protected.
You feel sick. Dowan misses you. Duvessa misses you.
It was a potion of berserk rage.
A red film seems to cover your vision as you go berserk!
You feel yourself moving faster!
You feel mighty!
You feel sick.
You are no longer poisoned.
Duvessa hits you with a +2 short sword of venom.
* * * LOW HITPOINT WARNING * * *
Dowan hits you but does no damage.
You are poisoned.
You are too berserk!
You are too berserk!
Really unwield
k - the +1 sling of Dapuige {speed, Contam rF+ rN+ MP+9}?
You feel your magic capacity decrease.
Mutagenic energies flood into your body!
You are contaminated with residual magic.
You feel a sense of dread.
a - a +1 vampiric short sword (weapon)
You feel a strong urge to attack something.
You feel sick.
You puncture Duvessa! You headbutt Duvessa.
Duvessa is heavily wounded.
You feel sick. Dowan completely misses you.
Duvessa hits you with a +2 short sword of venom!
* * * LOW HITPOINT WARNING * * *
You closely miss Duvessa. You headbutt Duvessa.
Duvessa is severely wounded.
* * * LOW HITPOINT WARNING * * *
You feel sick.
Duvessa hits you with a +2 short sword of venom.
You die...

## ####
..#.
#..#.....
##.e......
#.@.......
##.e......
####.$...
.... ...
.. .


You could see Duvessa and Dowan.

Vanquished Creatures
  Natasha (thrice) (D:3)
  An iguana (D:4)
  A gnoll (D:4)
  2 adders
  2 worms (D:3)
  An orc (D:4)
  6 ball pythons
  5 bats
  3 endoplasms
  A giant cockroach (D:2)
  5 goblins
  5 hobgoblins
  2 quokkas
  5 frilled lizards
  2 kobolds (D:2)
  3 rats
  A spectral kobold (D:2)
48 creatures vanquished.

Vanquished Creatures (collateral kills)
  Grinder (D:4)
  2 orc priests (D:4)
  Jessica (D:2)
  3 gnolls (D:4)
  2 worms (D:2)
  10 orcs
  3 bats
  2 endoplasms
  3 giant cockroaches
  A goblin (D:1)
  4 hobgoblins
  4 ball pythons
  2 frilled lizards
  A kobold (D:2)
  5 rats
44 creatures vanquished.

Vanquished Creatures (others)
  Eustachio (D:4)
  An orc wizard (D:4)
2 creatures vanquished.

Grand Total: 94 creatures vanquished

Notes
Turn   | Place    | Note
-------+----------+-------------------------------------------
     0 | D:1      | xian the Demonspawn Summoner began the quest for the Orb.
     0 | D:1      | Reached XP level 1. HP: 13/13 MP: 3/3
   169 | D:1      | Gained mutation: A meltable shield of frost defends you.
                  | (SH +0) [demonic ancestry]
   169 | D:1      | Reached XP level 2. HP: 19/19 MP: 3/5
   362 | D:1      | Learned a level 2 spell: Call Imp
  1051 | D:2      | Identified the +1 sling of Dapuige {speed, Contam rF+ rN+
                  | MP+9}
  1169 | D:2      | Gained mutation: You have a pair of small horns on your
                  | head. [demonic ancestry]
  1169 | D:2      | Reached XP level 3. HP: 24/24 MP: 6/6
  1303 | D:2      | Learned a level 3 spell: Call Canine Familiar
  1362 | D:2      | Found a faded altar of an unknown god.
  1376 | D:2      | Prayed at the altar of an unknown god.
  1376 | D:2      | Became a worshipper of Sif Muna the Loreminder
  1376 | D:2      | Reached * piety under Sif Muna
  1526 | D:2      | Noticed Jessica
  1540 | D:2      | Killed Jessica
  1541 | D:2      | Reached skill level 1 in Ranged Weapons
  1541 | D:2      | Reached XP level 4. HP: 30/30 MP: 7/7
  2588 | D:3      | Noticed Natasha
  2603 | D:3      | Killed Natasha
  2943 | D:3      | Noticed Natasha
  2956 | D:3      | Killed Natasha
  2957 | D:3      | Gained mutation: You are surrounded by a mild repulsion
                  | field. (EV +2) [demonic ancestry]
  2957 | D:3      | Reached XP level 5. HP: 23/35 MP: 8/8
  3001 | D:3      | Noticed Natasha
  3020 | D:3      | Killed Natasha
  3061 | D:4      | Noticed Grinder
  3079 | D:4      | Killed Grinder
  3079 | D:4      | Reached ** piety under Sif Muna
  3080 | D:4      | Reached skill level 1 in Fighting
  3080 | D:4      | Reached skill level 5 in Summonings
  3080 | D:4      | Reached XP level 6. HP: 24/43 MP: 10/10
  3122 | D:4      | Learned a level 3 spell: Summon Guardian Golem
  3383 | D:4      | Reached XP level 7. HP: 48/48 MP: 11/11
  3448 | D:4      | Reached skill level 1 in Hexes
  3480 | D:4      | Noticed Eustachio
  3484 | D:4      | Noticed Dowan
  3489 | D:4      | Noticed Duvessa
  3514 | D:4      | Killed Eustachio
  3519 | D:5      | Entered Level 5 of the Dungeon
  3523 | D:5      | HP: 1/73 [Duvessa/+2 short sword of venom (8)]
  3524 | D:5      | Slain by Duvessa

Illustrated notes

Levels and vault maps discovered:
D:1:      elethiomel_arrival_shortcut, layout_loops_cross,
          palyth_stone_intersect, hex_tiny, minmay_misc_feat_rugged
D:2:      layout_loops_ring, dreamdust_ecumenical_altar_drowned_temple,
          grunt_ministairs_5, minmay_misc_feat_four_crosses, uniq_jessica
D:3:      layout_loops_ring, uniq_natasha
D:4:      layout_cave_pools, mainiacjoe_overflow_alcove_2, uniq_grinder,
          uniq_eustachio, uniq_duvessa
D:5:      layout_cave_pools, minmay_temple_entry_offerings, serial_shops, shop,
          uniq_edmund, uniq_blork_the_orc

Skill      XL: |  1  2  3  4  5  6  7 |
---------------+----------------------+-----
Stealth        | 2 |  2.2
Dodging        | 2 |  2.3
Ranged Weapons | 1 2 3 4 |  4.8
Fighting       | 1 |  1.9
Summonings     | 5 |  5.4
Hexes          | 1 |  1.1
Spellcasting   | 3 |  3.0
Short Blades   | |  0.5
Armour         | |  0.8
Shields        | |  0.1

Action                     |  1- 3 |  4- 6 |  7- 9 || total
---------------------------+-------+-------+-------++-------
  Melee: Unarmed           |     8 |       |       ||     8
         Dagger            |    42 |       |       ||    42
         Short sword       |       |       |     2 ||     2
         Headbutt          |       |       |     2 ||     2
   Fire: Sling             |    32 |   102 |    24 ||   158
   Cast: Summon Small Mamm |    24 |     4 |       ||    28
         Call Imp          |     8 |     8 |     3 ||    19
         Call Canine Famil |     3 |    12 |     1 ||    16
         Summon Guardian G |       |     2 |     2 ||     4
    Use: Scroll            |     3 |       |     2 ||     5
         Potion            |       |     3 |     3 ||     6
   Stab: Sleeping          |     1 |       |       ||     1
 Armour: Robe              |    28 |    10 |       ||    38
         Skin              |       |     7 |       ||     7
         Leather armour    |       |       |     6 ||     6
  Dodge: Dodged            |    58 |    33 |    15 ||   106
  Block: Other             |     9 |    13 |     4 ||    26

Table legend: (Time is in decaauts)
 A = Elapsed time spent in this place.
 B = Non-inter-level travel time spent in this place.
 C = Inter-level travel time spent in this place.
 D = Time resting spent in this place.
 E = Time spent auto-exploring this place.
 F = Levels seen in this place.
 G = Mean time per level.
                   A        B        C        D        E       F      G
               +--------+--------+--------+--------+--------+-----+--------+
         Total |   3515 |   3294 |    221 |    108 |   1957 |   5 |  703.0 |
       Dungeon |   3515 |   3294 |    221 |    108 |   1957 |   5 |  703.0 |
               +--------+--------+--------+--------+--------+-----+--------+

Top non-repeatable levels by time:
     D:3: 1134 daAuts
     D:1: 1035 daAuts
     D:2: 956 daAuts
     D:4: 385 daAuts
     D:5: 3 daAuts
